Map: Emerald City LE

Players

snadge - Winner!

  • Race: Terran Terran
  • League: Master
  • Spawn Location: 5:00

FallenGodz - Winner!

  • Race: Terran Terran
  • League: Grandmaster
  • Spawn Location: 5:00

Massa

  • Race: Terran Terran
  • League: Platinum
  • Spawn Location: 11:00

qqq

  • Race: Zerg Zerg
  • Spawn Location: 11:00

VOD

Have the link to the VOD?

Description

Time

  • Played on: March 29, 2021, 1:13 p.m.
  • Length: 12:36
Show
View Real Time Build Order
Export as new Build Order

snadge Terran - Winner!

Build Orders: 1/1/1 

Get SALT Encoding   

  12  0:00  SCV  
  13  0:12  SCV  
  14  0:18  Supply Depot  
  14  0:24  SCV  
  15  0:31  Refinery  
  15  0:39  SCV  
  16  0:49  Barracks  
  16  0:51  SCV  
  17  1:04  SCV  
  18  1:16  Refinery  
  18  1:22  SCV  
  19  1:34  SCV  
  19  1:38  Marine  
  19  1:39  Factory  
  21  1:50  Orbital Command  
  21  2:09  Supply Depot  
  21  2:26  Command Center  
  21  2:30  Starport  
  21  2:33  Factory Tech Lab  
  21  2:37  SCV  
  22  2:50  SCV  
  23  2:52  Supply Depot  
  23  2:56  Siege Tank  
  26  2:59  Marine  
  27  3:10  SCV  
  28  3:13  Bunker  
  28  3:19  Fusion Core  
  28  3:24  Starport Tech Lab  
  28  3:29  Marine  
  29  3:38  SCV  
  30  3:44  Orbital Command  
  30  3:54  Refinery  
  30  4:08  Battlecruiser  
  36  4:13  SCV  
  37  4:18  Engineering Bay  
  37  4:19  SCV  
  38  4:26  SCV  
  38  4:27  Barracks Reactor  
  39  4:31  SCV  
  39  4:37  Barracks  
  39  4:38  SCV  
  41  4:40  Weapon Refit  
  41  4:44  SCV  
  42  4:51  SCV  
  43  4:59  SCV  
  44  5:02  Refinery, Siege Tank  
  44  5:03  SCV  
  48  5:08  Terran Infantry Weapons Level 1  
  48  5:11  SCV  
  48  5:12  Supply Depot  
  49  5:15  SCV  
  50  5:23  SCV  
  50  5:27  SCV  
  52  5:36  SCV  
  52  5:39  Siege Tank  
  56  5:45  Battlecruiser  
  62  5:56  Missile Turret, Supply Depot  
  62  6:01  Supply Depot  
  62  6:16  SCV  
  62  6:18  SCV, Siege Tank  
  66  6:19  Command Center  
  66  6:38  Missile Turret  
  66  6:39  Missile Turret  
  66  6:59  SCV  
  67  7:06  SCV  
  68  7:11  Missile Turret x2  
  68  7:15  Marine x2  
  69  7:18  Barracks Tech Lab  
  69  7:19  Terran Infantry Armor Level 1  
  70  7:23  Supply Depot  
  70  7:24  Supply Depot  
  70  7:26  Raven  
  70  7:29  Siege Tank  
  75  7:33  Marine  
  76  7:38  Factory  
  76  7:39  SCV  
  77  7:50  Supply Depot  
  77  7:51  Missile Turret, Supply Depot  
  77  7:52  SCV  
  77  7:58  Marauder, Marine x2  
  82  8:00  Planetary Fortress  
  82  8:01  Siege Tank  
  82  8:02  SCV  
  82  8:04  SCV  
  87  8:11  Armory  
  87  8:13  Stimpack  
  87  8:14  SCV  
  87  8:15  Marine  
  87  8:17  Supply Depot  
  89  8:20  SCV  
  89  8:27  SCV  
  91  8:28  Command Center  
  91  8:30  Missile Turret x2  
  91  8:32  SCV  
  91  8:33  Siege Tank  
  95  8:35  Supply Depot  
  95  8:39  SCV, Marine  
  95  8:40  Marine  
  98  9:09  Refinery  
  98  9:10  SCV x3  
  98  9:12  Refinery  
  98  9:15  Supply Depot  
  101  9:17  Factory Tech Lab  
  101  9:22  SCV  
  102  9:25  SCV x2, Siege Tank  
  102  9:29  Missile Turret  
  107  9:34  SCV  
  107  9:36  Battlecruiser  
  107  9:37  SCV  
  107  9:38  SCV, Marine x2  
  118  9:46  SCV  
  118  9:47  Supply Depot  
  118  9:48  Marine  
  118  9:51  Orbital Command, Supply Depot  
  118  9:52  Barracks  
  120  9:53  Barracks, Combat Shield  
  120  9:54  Missile Turret  
  120  9:55  SCV x2  
  120  9:56  Marine  
  123  10:01  Siege Tank  
  126  10:12  SCV x2  
  128  10:14  Sensor Tower  
  128  10:17  Refinery  
  128  10:20  Siege Tank  
  128  10:21  Marauder, Marine x2  
  131  10:23  SCV  
  131  10:27  Supply Depot  
  136  10:33  Siege Tank  
  139  10:39  Marine  
  139  10:44  Battlecruiser  
  141  10:56  Siege Tank  
  141  10:57  Marauder, Marine x2  
  148  11:06  SCV  
  149  11:14  Marine  
  149  11:15  Refinery, Marine  
  149  11:17  Barracks Reactor x2  
  149  11:18  SCV, Marine  
  152  11:22  Supply Depot x2  
  152  11:23  Supply Depot  
  156  11:25  Siege Tank  
  156  11:28  Siege Tank  
  156  11:30  SCV  
  156  11:32  Marine  
  160  11:33  Marine  
  160  11:36  Marine  
  163  11:42  SCV  
  163  11:43  Command Center  
  164  11:50  Marine  
  164  11:51  Marine  
  164  11:54  Marine  
  173  12:04  Marine x4  
  173  12:08  Marine x2  
  178  12:11  Marine  
Show
View Real Time Build Order
Export as new Build Order

FallenGodz Terran - Winner!

Build Orders: Reaper Expand 

Get SALT Encoding   

  12  0:01  SCV  
  13  0:13  SCV  
  14  0:21  Supply Depot  
  14  0:25  SCV  
  16  0:42  SCV  
  16  0:44  Barracks  
  16  0:48  Refinery  
  16  0:55  SCV  
  17  1:07  SCV  
  18  1:19  SCV  
  19  1:31  Reaper  
  19  1:32  Orbital Command  
  20  1:44  Command Center  
  20  1:57  Barracks  
  20  1:59  SCV  
  21  2:04  Barracks Reactor  
  21  2:10  Supply Depot  
  21  2:13  SCV  
  22  2:18  Refinery  
  22  2:25  SCV  
  23  2:32  Factory  
  24  2:37  SCV  
  24  2:43  Marine x2  
  26  2:46  Barracks Tech Lab  
  26  2:49  SCV  
  27  2:55  Orbital Command  
  27  3:01  SCV, Marine  
  29  3:06  Stimpack  
  29  3:09  Marine  
  29  3:11  Marine  
  31  3:14  SCV  
  31  3:19  Marine  
  33  3:26  Starport  
  33  3:27  Marine  
  33  3:28  Factory Reactor  
  33  3:31  SCV  
  36  3:34  SCV  
  36  3:36  Marine  
  37  3:43  SCV  
  37  3:44  Supply Depot  
  38  3:51  SCV  
  38  3:52  Marine  
  38  3:53  Marine  
  38  3:54  Marine  
  42  3:56  SCV  
  43  4:03  SCV  
  44  4:10  Marine x2  
  44  4:12  Marine, Medivac  
  44  4:13  SCV, Medivac  
  44  4:15  SCV  
  53  4:17  Supply Depot  
  53  4:26  SCV  
  54  4:35  Command Center  
  54  4:38  Marine x3  
  54  4:40  SCV x2  
  59  4:50  Combat Shield  
  59  4:52  SCV, Medivac  
  62  4:55  Supply Depot  
  62  5:04  Engineering Bay  
  62  5:05  Engineering Bay  
  62  5:09  Refinery  
  62  5:10  Refinery  
  62  5:17  SCV x2, Marine x3  
  62  5:18  Supply Depot  
  65  5:29  SCV x2  
  67  5:41  SCV  
  68  5:44  Marine  
  68  5:45  Marine  
  68  5:46  Marine  
  68  5:47  Terran Infantry Armor Level 1, Terran Infantry Weapons Level 1  
  71  5:50  SCV  
  71  5:51  Barracks  
  71  5:52  Barracks x2  
  71  5:56  SCV  
  73  6:01  Factory Reactor  
  73  6:03  SCV  
  74  6:05  Marine x3  
  74  6:11  SCV  
  78  6:12  Concussive Shells  
  78  6:15  SCV  
  79  6:19  Orbital Command  
  79  6:22  Command Center  
  79  6:23  SCV  
  78  6:28  SCV  
  78  6:29  Marine  
  78  6:30  Marine x2  
  78  6:35  SCV  
  76  6:40  Barracks Reactor x2, SCV  
  76  6:41  Barracks Reactor  
  76  6:45  SCV, Missile Turret  
  75  6:47  SCV, Marine  
  75  6:49  Missile Turret  
  75  6:52  Marine  
  75  6:53  SCV  
  77  6:57  SCV  
  77  6:59  SCV  
  77  7:00  Marine  
  80  7:02  Widow Mine x2  
  80  7:03  Medivac  
  80  7:05  SCV, Marine  
  80  7:08  Refinery  
  88  7:11  SCV  
  88  7:14  Armory, Marine  
  90  7:17  SCV  
  90  7:18  Marine  
  90  7:20  Refinery, SCV  
  93  7:23  SCV, Marine, Supply Depot  
  93  7:25  Marine  
  93  7:29  Marine x2  
  98  7:31  Marine  
  98  7:32  SCV  
  100  7:37  SCV  
  100  7:39  Supply Depot  
  101  7:44  Marine x4  
  101  7:45  SCV  
  101  7:47  Widow Mine, Marine  
  109  8:00  Marine x4  
  109  8:01  Widow Mine, SCV  
  109  8:02  Supply Depot  
  116  8:07  Terran Infantry Weapons Level 2  
  116  8:09  Terran Infantry Armor Level 2  
  116  8:10  Marine  
  116  8:12  SCV  
  118  8:15  SCV  
  118  8:16  Marine  
  118  8:17  Marine  
  118  8:18  Marine  
  122  8:20  Marine  
  122  8:22  SCV  
  122  8:26  Marine  
  125  8:28  Marauder  
  125  8:29  Widow Mine  
  125  8:30  SCV  
  125  8:34  Marine x2  
  130  8:40  Orbital Command  
  130  8:41  SCV x2, Marine  
  134  8:46  Widow Mine, Marine  
  138  8:48  SCV  
  138  8:49  Marine  
  138  8:50  Marine  
  138  8:51  Widow Mine  
  143  8:57  Supply Depot  
  143  8:58  Marine x2  
  143  8:59  Supply Depot  
  143  9:00  Marauder  
  143  9:02  Medivac  
  149  9:04  Medivac  
  149  9:06  SCV  
  149  9:07  SCV  
  149  9:08  SCV, Marine  
  155  9:10  Marine  
  156  9:18  Marine x2  
  156  9:19  Widow Mine x2  
  156  9:21  Supply Depot x2  
  156  9:22  Marine  
  156  9:23  Marine  
  164  9:25  Marine x2  
  166  9:35  Marine  
  167  9:42  Marauder  
  167  9:44  Marine x5  
  174  9:46  Widow Mine x2  
  174  9:47  Marine  
  174  9:48  Marine  
  174  9:49  Command Center  
  180  9:53  Marine  
  181  10:02  Barracks x2  
  181  10:03  Barracks, Marine x3  
  181  10:04  Factory  
  181  10:05  SCV  
  181  10:06  Marine  
  186  10:09  Widow Mine  
  186  10:10  Widow Mine, Marine  
  186  10:11  Marine  
  192  10:18  Marauder, Marine  
  192  10:19  Marine  
  196  10:22  Marine  
  196  10:23  Marine  
  198  10:30  Marine  
  198  10:31  Marine  
  197  10:37  Marine x3  
  197  10:40  Marauder  
  197  10:42  Marine  
  156  10:45  Marine x2  
  156  10:48  Marine  
  137  10:50  Marine  
  137  10:53  Barracks Reactor, Barracks Tech Lab  
  137  10:54  Barracks Tech Lab  
  137  10:55  Barracks Tech Lab, Marine  
  137  10:56  SCV  
  140  10:57  Marine x2  
  140  11:02  Command Center  
  140  11:03  Command Center  
  140  11:04  Marine  
  142  11:05  Command Center  
  142  11:10  Marauder, Marine x2  
  147  11:14  Orbital Command  
  147  11:17  Marauder x3  
  153  11:18  Factory Tech Lab  
  153  11:21  Medivac x2  
  153  11:22  Marine x3  
  153  11:23  Marine  
  153  11:24  SCV, Marine  
  163  11:26  Marine  
  163  11:28  Marine  
  163  11:29  SCV x2, Marine  
  163  11:32  Marine  
  168  11:35  Widow Mine x2  
  168  11:38  Widow Mine, Marine x2  
  168  11:39  Marauder, Marine  
  179  11:40  Marine  
  180  11:53  Marine x2  
  178  11:57  Widow Mine  
  178  12:03  Marine x3  
  178  12:05  Widow Mine x2  
  178  12:06  Medivac  
  178  12:07  Marauder, Marine x2  
  191  12:09  Marine x2  
  191  12:10  Marauder  
  191  12:13  Marine  
  196  12:16  Command Center  
Show
View Real Time Build Order
Export as new Build Order

Massa Terran 

Build Orders: Gas First Reaper Expand 

Get SALT Encoding   

  12  0:02  SCV  
  13  0:14  SCV  
  14  0:23  Supply Depot  
  14  0:26  SCV  
  15  0:31  Refinery  
  15  0:45  SCV  
  15  0:46  Barracks  
  16  0:57  SCV  
  17  1:09  SCV  
  18  1:21  SCV  
  18  1:24  Supply Depot  
  19  1:35  Orbital Command  
  19  1:37  Reaper  
  20  1:55  Command Center  
  20  2:01  SCV  
  21  2:15  Bunker  
  21  2:16  Marine  
  22  2:24  SCV  
  22  2:28  Factory  
  22  2:29  Refinery  
  23  2:36  SCV  
  24  2:54  Marine  
  25  2:59  SCV  
  26  3:09  Orbital Command  
  26  3:11  SCV  
  27  3:14  Starport  
  27  3:19  Barracks Reactor  
  27  3:20  Factory Tech Lab  
  27  3:28  SCV  
  28  3:35  SCV, Engineering Bay  
  28  3:39  Hellion  
  28  3:40  SCV  
  32  3:47  SCV  
  33  3:52  SCV  
  34  3:56  Marine x2  
  36  4:05  SCV x2  
  36  4:07  Banshee  
  36  4:09  Factory Tech Lab, Cloaking Field  
  41  4:14  Marine x2  
  43  4:17  SCV x2  
  45  4:27  Missile Turret  
  45  4:29  SCV, Missile Turret  
  46  4:32  Command Center  
  46  4:36  Supply Depot  
  46  4:38  Supply Depot  
  46  4:49  Supply Depot  
  46  4:53  Supply Depot  
  46  4:58  Banshee, Marine x2, SCV x2  
  53  5:00  Siege Tank  
  56  5:20  Marine x2  
  58  5:25  SCV  
  58  5:26  SCV  
  60  5:38  SCV, Marine x2  
  60  5:42  Cyclone  
  66  5:56  Raven  
  68  6:00  Refinery  
  68  6:01  Refinery  
  68  6:03  Terran Infantry Weapons Level 1  
  68  6:08  Barracks x2  
  68  6:11  Barracks  
  68  6:12  Barracks  
  68  6:24  Missile Turret x2  
  68  6:26  Missile Turret  
  68  7:00  Raven  
  64  7:02  Barracks Tech Lab x2  
  64  7:03  Barracks Reactor, Barracks Tech Lab  
  64  7:04  Marine x2  
  64  7:06  Siege Tank  
  69  7:09  Planetary Fortress  
  69  7:12  SCV x2  
  71  7:21  Marine  
  71  7:22  Marine  
  73  7:23  Engineering Bay  
  73  7:24  SCV x2  
  73  7:28  Marine x3  
  73  7:29  Armory  
  78  7:36  SCV x2  
  80  7:39  Refinery, Marine x2  
  80  7:40  Refinery, Siege Tank  
  85  7:45  Marine  
  85  7:46  Marine x2  
  85  7:47  Stimpack  
  85  7:49  Marine  
  85  7:50  Marine  
  90  7:57  Marine x2  
  92  8:00  Factory  
  92  8:03  Marine  
  93  8:06  Factory  
  93  8:15  Supply Depot x2  
  93  8:17  Supply Depot  
  93  8:19  Supply Depot  
  93  8:20  Terran Infantry Armor Level 1  
  93  8:32  Command Center  
  93  8:36  SCV x3, Raven, Marine  
  93  8:38  Combat Shield  
  93  8:39  Supply Depot x2  
  93  8:41  Concussive Shells, Supply Depot  
  99  8:48  SCV x3  
  99  8:52  Supply Depot  
  102  9:02  Supply Depot  
  102  9:04  Missile Turret  
  102  9:05  Missile Turret  
  102  9:07  Factory Tech Lab x2  
  102  9:09  Smart Servos  
  102  9:15  Siege Tank  
  105  9:18  Marauder x3, Marine  
  105  9:19  Marine  
  80  9:24  Medivac  
  113  9:27  Mag-Field Accelerator  
  115  9:34  SCV x3  
  118  9:39  Marauder x3  
  118  9:41  Corvid Reactor  
  118  9:45  Terran Infantry Weapons Level 2  
  124  9:46  SCV x3  
  124  9:48  Siege Tank  
  130  9:58  SCV x3  
  133  10:00  Marauder  
  135  10:10  SCV x3  
  138  10:22  SCV  
  138  10:23  SCV  
  114  10:49  Marauder x3, Marine x4  
  80  10:52  Raven  
  80  10:53  Siege Tank x3  
  91  11:00  Refinery  
  91  11:01  Refinery  
  91  11:06  Planetary Fortress  
  91  11:07  Marine x2  
  91  11:10  Marauder x3  
  99  11:12  Marine x2  
  101  11:23  Missile Turret  
  101  11:25  Marine x2, Siege Tank x2  
  106  11:27  Siege Tank  
  106  11:30  Marine  
  106  11:31  Marauder  
  106  11:32  Marauder  
  117  11:34  Raven  
  119  11:46  Missile Turret  
  119  11:48  Marauder, Marine x4  
  119  11:52  Marine x2  
  127  11:57  Siege Tank x2  
  127  11:59  Siege Tank  
  136  12:06  Marine  
  137  12:08  Missile Turret  
Show
View Real Time Build Order
Export as new Build Order

qqq Zerg 

Build Orders: Hatch First 

Get SALT Encoding   

  12  0:04  Drone  
  13  0:08  Drone  
  14  0:21  Overlord  
  14  0:46  Hatchery  
  14  0:49  Drone  
  14  0:51  Drone  
  14  0:56  Drone  
  16  1:04  Drone  
  17  1:14  Drone  
  18  1:28  Extractor, Spawning Pool  
  18  1:29  Drone  
  17  1:33  Drone  
  18  1:43  Drone  
  19  1:54  Drone  
  21  2:01  Drone  
  21  2:06  Drone  
  22  2:11  Drone  
  23  2:20  Queen  
  27  2:26  Roach Warren  
  26  2:31  Drone, Overlord  
  26  2:33  Drone  
  26  2:36  Lair  
  26  2:45  Drone  
  26  2:51  Drone x2  
  28  2:54  Drone  
  28  2:56  Queen  
  28  2:57  Drone  
  33  3:00  Drone  
  34  3:07  Extractor, Overlord  
  34  3:10  Roach  
  35  3:22  Drone  
  35  3:25  Drone  
  37  3:27  Roach  
  39  3:35  Glial Reconstitution  
  39  3:37  Roach x2  
  43  3:44  Overlord  
  43  3:46  Drone, Overlord  
  43  3:47  Overlord  
  44  3:54  Metabolic Boost  
  43  4:03  Roach x2  
  43  4:07  Zergling x4, Overlord  
  43  4:08  Zergling x2  
  50  4:11  Zergling x2  
  50  4:12  Zergling x2  
  50  4:13  Zergling x2  
  50  4:16  Zergling x2  
  54  4:20  Roach  
  54  4:22  Roach  
  58  4:26  Roach  
  58  4:31  Roach  
  62  4:42  Evolution Chamber, Roach x2  
  62  4:43  Zergling x4  
  69  4:45  Roach  
  69  4:49  Roach  
  69  4:52  Roach  
  73  5:23  Drone x4, Spire  
  76  5:31  Overlord  
  76  5:33  Overlord  
  76  5:34  Overlord  
  75  5:43  Spore Crawler  
  75  5:48  Spore Crawler  
  73  5:50  Drone x3  
  73  5:51  Extractor x2, Drone x2  
  73  5:52  Drone  
  77  6:07  Drone x2  
  60  6:37  Corruptor x5  
  72  6:40  Roach  
  72  6:53  Zerg Flyer Armor Level 1  
  72  6:57  Drone x2  
  74  7:04  Infestation Pit  
  74  7:05  Hatchery  
  74  7:07  Roach  
  74  7:18  Drone x3  
  77  7:34  Roach  
  77  7:36  Corruptor  
  79  7:39  Drone  
  79  7:40  Hatchery  
  79  7:41  Drone  
  83  7:44  Drone  
  83  7:45  Drone  
  83  7:47  Drone  
  85  7:53  Corruptor  
  87  7:59  Drone x2  
  87  8:05  Corruptor  
  89  8:11  Hive  
  91  8:22  Spore Crawler  
  91  8:23  Spore Crawler  
  91  8:25  Spore Crawler  
  91  8:26  Drone x2  
  91  8:27  Drone x2  
  92  8:29  Drone  
  93  8:34  Queen  
  93  8:39  Corruptor  
  97  8:42  Drone  
  98  8:51  Zerg Flyer Weapons Level 1  
  98  8:52  Corruptor  
  98  8:54  Drone  
  98  8:55  Drone  
  102  9:01  Corruptor  
  104  9:05  Overlord  
  104  9:06  Overlord  
  104  9:10  Overlord  
  104  9:25  Queen  
  104  9:26  Corruptor  
  104  9:29  Zergling x6  
  104  9:30  Zergling x2  
  104  9:31  Zergling x2  
  113  9:32  Zergling x2  
  113  9:35  Drone x2  
  113  9:36  Drone  
  118  9:38  Drone  
  118  9:40  Drone  
  119  9:46  Spire  
  118  9:53  Spore Crawler  
  118  9:58  Corruptor  
  118  9:59  Drone x3  
  122  10:00  Drone  
  122  10:03  Overseer  
  122  10:04  Pneumatized Carapace  
  122  10:05  Overseer  
  123  10:17  Corruptor x2  
  123  10:21  Overlord x4  
  81  10:43  Corruptor x4  
  83  11:03  Drone x2, Baneling Nest  
  83  11:04  Drone x2, Zergling x10  
  87  11:05  Zergling x4, Corruptor x2  
  87  11:06  Corruptor  
  87  11:07  Zergling x2  
  100  11:35  Zergling x6, Hydralisk Den  
  100  11:36  Zergling x14  
  103  12:05  Baneling x9  
  103  12:06  Baneling  
Tags
 
Add a new tag
Caveats
  • Supply blocks, unpowered buildings, or Contaminate may cause inaccurate times.
  • Supply counts are checked every 10 seconds.